 Dungeon Crawl Stone Soup version 0.21.0-25-ge575cb9ce8 (webtiles) character file.

92 Hat the Chopper (level 4, -3/40 HPs)
             Began as a Deep Dwarf Berserker on Jan 27, 2018.
             Was a Follower of Trog.
             Slain by a worm (5 damage)
             ... on level 2 of the Dungeon.
             The game lasted 00:08:42 (950 turns).

Hat the Chopper (Deep Dwarf Berserker)               Turns: 950, Time: 00:08:42

Health: -3/40      AC:  5    Str: 21    XL:     4   Next: 35%
Magic:  4/4        EV:  9    Int:  8    God:    Trog [*.....]
Gold:   105        SH: 11    Dex: 12    Spells: 3/3 levels left

rFire    + . .     SeeInvis .   a - +0 hand axe
rCold    . . .     Gourm    .   o - +0 shield
rNeg     . . .     Faith    .   m - +0 leather armour
rPois    .         Spirit   .   (no helmet)
rElec    .         Reflect  .   (no cloak)
rCorr    .         Harm     .   (no gloves)
MR       .....     Clarity  +   k - +1 pair of boots
Stlth    +.........             (no amulet)
HPRegen  0.00/turn              (no ring)
MPRegen  0.09/turn              (no ring)

@: non-regenerating
A: damage resistance, heal wounds, large bone plates 1, clarity, fire resistance
1, sense surroundings 1, no regeneration
a: Heal Wounds, Berserk, Burn Spellbooks, Renounce Religion


You were on level 2 of the Dungeon.
You worshipped Trog.
Trog was aware of your devotion.
You were not hungry.

You visited 1 branch of the dungeon, and saw 3 of its levels.

You collected 105 gold pieces.

Inventory:

Hand Weapons
 a - a +0 hand axe (weapon)
Armour
 k - a +1 pair of boots (worn)
 m - a +0 leather armour (worn)
 o - a +0 shield (worn)
Scrolls
 e - a scroll of enchant armour
 g - a scroll of identify
 j - 2 scrolls of remove curse
 l - a scroll of amnesia
Comestibles
 c - 5 rations
 f - 4 chunks of flesh


   Skills:
 - Level 2.6 Fighting
 * Level 5.7 Axes
 - Level 2.1 Armour
 - Level 2.1 Dodging


You had 3 spell levels left.
You didn't know any spells.

Dungeon Overview and Level Annotations

Branches:
Dungeon (3/15)

Altars:
Makhleb


Innate Abilities, Weirdness & Mutations

You are resistant to damage.
You can heal yourself by infusing magical energy.
You passively map a small area around you.
You do not regenerate.
You are partially covered in large bone plates. (SH +4)
You possess an exceptional clarity of mind.
Your flesh is heat resistant. (rF+)


Message History

You kill the dart slug!
Trog accepts your kill.
Found 7 gold pieces.
You see here a dart slug corpse.
You butcher the dart slug corpse.
f - 4 chunks of flesh (gained 1)
A hobgoblin comes into view. It is wielding a club.
The hobgoblin shouts!
Found a scroll of remove curse.
A worm comes into view.
You block the hobgoblin's attack.
You slash the hobgoblin!
You kill the hobgoblin!
Trog accepts your kill.
Things that are here:
a club; a hobgoblin corpse You slash the worm!
The worm is heavily wounded.
The worm bites you!
You die...

.......##......### ******,,,,,,
.............#...###**,,,,,,***,,
###.................,,,,,,,****,,
#........#.###...####***,,,,,,,
##..........###....$.#####****,*
##........>......#.........* **#
............######.......?.* ♣
...........#######....>....* #
................@w...$.....* *
..#........#######.........* *
..########## #.........* * ..#
#.........* * ### ##########* * *
* * *


You could see a worm.

Vanquished Creatures
  A hound (D:2)
  2 adders (D:2)
  A dart slug (D:2)
  2 leopard geckos
  4 orcs (D:2)
  2 ball pythons (D:2)
  A giant cockroach (D:2)
  4 goblins
  4 hobgoblins
  5 kobolds
  5 bats
  A frilled lizard (D:1)
  2 rats
34 creatures vanquished.

Notes
Turn   | Place    | Note
-------+----------+-------------------------------------------
     0 | D:1      | Hat the Deep Dwarf Berserker began the quest for the Orb.
     0 | D:1      | Reached XP level 1. HP: 20/20 MP: 1/1
    74 | D:2      | Reached skill level 4 in Axes
    74 | D:2      | Reached XP level 2. HP: 17/27 MP: 2/2
   612 | D:2      | Reached XP level 3. HP: 11/33 MP: 3/3
   666 | D:2      | Reached skill level 5 in Axes
   820 | D:2      | Reached XP level 4. HP: 3/40 MP: 4/4
   821 | D:2      | Found a burning altar of Makhleb.
   826 | D:2      | Gained mutation: You possess an exceptional clarity of mind. [potion of mutation]
   826 | D:2      | Gained mutation: Your flesh is heat resistant. (rF+) [potion of mutation]
   826 | D:2      | Gained mutation: You are partially covered in large bone plates. (SH +4) [potion of mutation]
   950 | D:2      | Slain by a worm

Skill      XL: |  1  2  3 |
---------------+----------+-----
Axes           | 4 5 |  5.7
Fighting       | |  2.6
Armour         | |  2.1
Dodging        | |  2.1

Action                   |  1- 3 |  4- 6 || total
-------------------------+-------+-------++-------
Melee: Hand axe          |   107 |     5 ||   112
  Use: Scroll            |       |     5 ||     5
       Potion            |       |     3 ||     3
Armor: Animal skin       |    12 |       ||    12
       Leather armour    |    32 |       ||    32
Dodge: Dodged            |    89 |     1 ||    90
Block: Shield            |       |     2 ||     2
